AoeStats
← trey.handy2303

Arena

510747971Analyzed
1v1 RM · 1d ago on Oct 2, 2026· 37m 26s· 2 players
Game mode
Random Map
Map size
Tiny (2 player)
Population
200
Speed
Normal
Resources
Standard
Victory
Conquest
Starting age
Dark Age
Ending age
Imperial Age
RankedLock teamsTeams togetherTeam positionsShared explorationLock speedFull tech treeHidden civsTurbo modeCheats
Victory
Defeat
🇩🇪 Koreans · Germany
1058
+17
🇺🇸 Hindustanis · United States
1073
-17
KiNGMG
10:03 Feudal Age
13:58 Castle Age
13:16 Double-Bit Axe
15:29 Bow Saw
15:04 Horse Collar
17:20 Heavy Plow
22:22 Wheelbarrow
23:46 Stone Mining
23:53 Gold Mining
25:17 Hand Cart
24:47 Loom
25:47 Fletching
27:29 Thumb Ring
26:54 Crossbowman
28:30 Bodkin Arrow
32:13 Imperial Age
30:39 Ballistics
31:17 Pikeman
31:57 Squires
32:26 Scale Mail Armor
32:37 Forging
31:58 Light Cavalry
32:39 Husbandry
33:54 Chemistry
32:24 Arbalester
33:08 Bracer
33:15 Scale Barding Armor
34:08 Conscription
33:12 Hussar
34:33 Iron Casting
trey.handy2303
10:01 Feudal Age
11:23 Double-Bit Axe
14:57 Castle Age
13:36 Horse Collar
22:14 Bow Saw
23:25 Wheelbarrow
22:39 Loom
22:43 Town Watch
23:00 Heavy Plow
24:34 Scale Barding Armor
25:09 Forging
25:49 Hand Cart
28:44 Imperial Age
26:40 Chain Barding Armor
26:54 Bloodlines
26:45 Husbandry
26:44 Stone Mining
26:45 Gold Mining
28:22 Iron Casting
28:05 Padded Archer Armor
27:56 Fletching
28:07 Scale Mail Armor
29:07 Heavy Camel Rider
30:25 Thumb Ring
30:34 Elite Skirmisher
31:54 Ballistics
33:05 Two-Man Saw
31:40 Light Cavalry
32:20 Husbandry
32:47 Bodkin Arrow
33:08 Chain Mail Armor
36:05 Blast Furnace
35:21 Leather Archer Armor
36:32 Conscription
37:00 Bracer
Connection lost

Rejoining the realm…

Still unreachable

The connection could not be restored.

Session expired

The server has moved on; the page needs a fresh start.